[Event "Sverigemastarklassen 2025"]
[Site "Uppsala, Sweden"]
[Date "2025.07.02"]
[Round "5.3"]
[White "Sorensen, Hampus"]
[Black "Hillarp-Persson, Tiger"]
[Result "0-1"]
[TimeControl "90 min for 40 move + 30 min with an increment of 30 sec starting move 1"]
[WhiteTitle "IM"]
[BlackTitle "GM"]
[WhiteFideId "8703884"]
[BlackFideId "1700812"]
[WhiteElo "2432"]
[BlackElo "2445"]

1. d4 Nf6 2. c4 g6 3. Nc3 d6 4. e4 e5 5. Nf3 Nbd7 6. Be2 Bg7 7. O-O O-O 8. Be3 c6 9. d5 c5 10.
Ne1 Ne8 11. Nd3 Qe7 12. b4 cxb4 13. Nxb4 f5 14. f3 Nef6 15. Nd3 b6 16. Nb4 Nc5 17. Qc2 Nh5 18. Nd3 Bf6 19. Nxc5 bxc5 20.
Bf2 Bg5 21. Rfe1 Rb8 22. Bf1 Bd7 23. Rab1 Bh6 24. Rxb8 Rxb8 25. Rb1 Rxb1 26. Qxb1 Bd2 27. Qb2 Bxc3 28. Qxc3 fxe4 29. fxe4 g5 30.
Be1 h6 31. Qb2 Nf6 32. Bd3 Be8 33. Ba5 Bg6 34. Qb1 Kg7 35. h3 Qd7 36. Qc2 Kf7 37. Qf2 Ke7 38. Qe2 Qa4 39. Be1 Qa3 40.
Kf2 Qc1 41. g3 Qa1 42. Kf3 Kf7 43. g4 Nh5 44. Bd2 Nf4 45. Bxf4 exf4 46. e5 Qc3 0-1

[Event "Sverigemastarklassen 2025"]
[Site "Uppsala, Sweden"]
[Date "2025.07.02"]
[Round "5.4"]
[White "Storme, Isak"]
[Black "Blomqvist, Erik"]
[Result "1/2-1/2"]
[TimeControl "90 min for 40 move + 30 min with an increment of 30 sec starting move 1"]
[WhiteTitle "IM"]
[BlackTitle "GM"]
[WhiteFideId "1728113"]
[BlackFideId "1709437"]
[WhiteElo "2466"]
[BlackElo "2448"]

1. e4 e5 2. Nf3 Nc6 3. Bc4 Nf6 4. Ng5 d5 5. exd5 Na5 6. Bb5+ c6 7. dxc6 bxc6 8. Bd3 Nd5 9. Nf3 Bd6 10.
O-O Nf4 11. Nc3 Nxd3 12. cxd3 O-O 13. Ne4 c5 14. b3 Nc6 15. Ba3 Nb4 16. Bxb4 cxb4 17. Re1 Bb8 18. Qc2 a5 19. Rac1 Bb7 20.
Qc5 Qxd3 21. Nxe5 Bxe5 22. Qxe5 Bxe4 23. Qxe4 Qxd2 24. Rc2 Qd7 25. Rce2 h6 26. h3 Rfd8 27. Qe5 Qd5 28. Qf4 Ra6 29.
Re5 Re6 30. Rxe6 fxe6 31. Re5 Qd1+ 32. Kh2 Qd6 33. Qg3 Qb6 34. f4 Rd5 35. Re4 Kf7 36. Qf3 Qd6 37. h4 h5 38. Re5 g6 39.
Qg3 Qd8 40. Qf2 Rd2 41. Qa7+ Rd7 42. Qf2 Rd2 43. Qa7+ Rd7 44. Qf2 Rd2 1/2-1/2

[Event "Sverigemastarklassen 2025"]
[Site "Uppsala, Sweden"]
[Date "2025.07.02"]
[Round "5.5"]
[White "Falkevall, Axel"]
[Black "Seo, Jung Min"]
[Result "0-1"]
[TimeControl "90 min for 40 move + 30 min with an increment of 30 sec starting move 1"]
[WhiteTitle "FM"]
[BlackTitle "IM"]
[WhiteFideId "1735560"]
[BlackFideId "1734687"]
[WhiteElo "2372"]
[BlackElo "2472"]

1. d4 Nf6 2. c4 e6 3. Nf3 d5 4. Nc3 Bb4 5. Qa4+ Nc6 6. e3 O-O 7. Qc2 Ne7 8. Bd2 c5 9. a3 Bxc3 10.
Bxc3 cxd4 11. Bxd4 Bd7 12. c5 Ne4 13. Bd3 f6 14. Bxe4 dxe4 15. Qxe4 e5 16. Bc3 Bc6 17. Qc2 Bxf3 18.
gxf3 Qd5 19. Qe4 Qxc5 20. O-O-O Qc6 21. Qxc6 Nxc6 22. Rd7 Rf7 23. Rhd1 Re8 24. R7d6 Rc7 25. Kc2 Kf7 26. Kb3 Re6 27.
Rd7+ Rxd7 28. Rxd7+ Re7 29. Rd6 Re6 30. Rd7+ Re7 31. Rd6 Rc7 32. Kc2 Ke7 33. Rd1 Ke6 34. Rg1 Rd7 35. Rg4 g6 36.
Ra4 f5 37. Rh4 b5 38. f4 e4 39. Rh3 a5 40. b3 b4 41. axb4 axb4 42. Bd2 Kd5 43. Rg3 Kc5 44. f3 Kd5 45.
h4 Ra7 46. Kb2 exf3 47. Rxf3 Ke4 48. Rf2 Rb7 49. Bc1 Rd7 50. Rc2 Rd6 51. Bd2 Kf3 52. Kc1 Kg4 53. Be1 Re6 54. Kd1 Ne7 55.
Rg2+ Kh3 56. Rg3+ Kh2 57. Ke2 Nd5 58. Rf3 Ra6 59. Rf2 Kg3 60. Rf1+ Kg4 61. Rg1+ Kh5 62. Rg5+ Kh6 63. Kd3 Rd6 64. Kc4 Nxe3+ 65. Kxb4 Nc2+ 66. Kc5 Rd3 67. Ba5 Rxb3 68. Bc7 Rc3+ 69. Kd6 Nd4 70. Bd8 Rd3 71. Rg2 Nc6+ 72. Kxc6 Rxd8 73. Kc5 Kh5 74.
Rh2 Rd1 0-1

[Event "Sverigemastarklassen 2025"]
[Site "Uppsala, Sweden"]
[Date "2025.07.01"]
[Round "4.1"]
[White "Galperin, Platon"]
[Black "Lokander, Martin"]
[Result "1-0"]
[TimeControl "90 min for 40 move + 30 min with an increment of 30 sec starting move 1"]
[WhiteTitle "GM"]
[BlackTitle "IM"]
[WhiteFideId "14165414"]
[BlackFideId "1709569"]
[WhiteElo "2500"]
[BlackElo "2446"]

1. c4 c5 2. Nf3 Nf6 3. Nc3 Nc6 4. d4 cxd4 5. Nxd4 g6 6. e4 d6 7. Be2 Nxd4 8. Qxd4 Bg7 9. Be3 O-O 10.
Qd3 Ng4 11. Bxg4 Bxg4 12. O-O Be6 13. Bd4 Bxd4 14. Qxd4 a6 15. f4 b5 16. cxb5 axb5 17. f5 Bd7 18. f6 Bc6 19. b4 Re8 20.
fxe7 Qxe7 21. Rf6 Bxe4 22. Nxb5 Bd5 23. Nc3 Be6 24. Rf3 Rec8 25. b5 Rc4 26. Qe3 Qb7 27. a4 d5 28. Rf4 Qc7 29.
Ne2 Bd7 30. b6 Qc6 31. Rb1 Bc8 32. Nd4 Qxa4 33. b7 Bxb7 34. Qe7 Qe8 35. Qxb7 Qe3+ 36. Rf2 Rf8 37. Nf3 Rc2 38. Rbf1 Re8 39.
Qxd5 Re4 40. g3 Rc5 41. Qa8+ Re8 42. Qa2 Re6 43. Kg2 Qc3 44. Rd1 Ra5 45. Rd8+ Kg7 46. Qb1 Rf5 47. Rd3 Qc6 48.
g4 Rb5 49. Qa1+ f6 50. Rfd2 Rb7 51. Qa8 Rbe7 52. Qd8 h5 53. Rd7 Qc5 54. gxh5 gxh5 55. Kh1 Rxd7 56. Rxd7+ Kg6 57. Qg8+ 1-0

[Event "Sverigemastarklassen 2025"]
[Site "Uppsala, Sweden"]
[Date "2025.07.01"]
[Round "4.2"]
[White "Hector, Jonny"]
[Black "Sorensen, Hampus"]
[Result "0-1"]
[TimeControl "90 min for 40 move + 30 min with an increment of 30 sec starting move 1"]
[WhiteTitle "GM"]
[BlackTitle "IM"]
[WhiteFideId "1700090"]
[BlackFideId "8703884"]
[WhiteElo "2430"]
[BlackElo "2432"]

1. e4 e5 2. Nc3 Nc6 3. Nf3 Nf6 4. h3 Bb4 5. a3 Bxc3 6. dxc3 d6 7. Bd3 O-O 8. Qe2 Nd7 9. b4 a5 10.
Rb1 Ne7 11. O-O Ng6 12. Bg5 Qe8 13. Nh4 h6 14. Bc4 Nxh4 15. Bxh4 Nb6 16. Bd3 Be6 17. f4 exf4 18. Be1 axb4 19.
axb4 Nd7 20. Rxf4 Ne5 21. Bd2 f6 22. Rff1 Qf7 23. Ra1 b6 24. Bf4 Rfe8 25. Bxe5 dxe5 26. Bb5 Rxa1 27. Rxa1 Rd8 28.
Kh2 Kh7 29. Ra7 Rd6 30. Bd3 Rd8 31. Qf1 Qd7 32. Qa1 Qc6 33. Qa3 Qd6 34. Kh1 Rb8 35. Ra8 Rxa8 36. Qxa8 c5 37. Qe8 Bg8 38.
bxc5 Qxc5 39. Qb8 Qe3 40. Qc7 Be6 41. Qc6 Bf7 42. Kh2 Bg6 43. Qa8 h5 44. Qc6 h4 45. c4 Qf2 46. Kh1 Bh5 47.
Qc8 Kg6 48. Qd7 Kh6 49. Qe7 g6 50. Qd7 Kg5 51. Qe6 Bd1 52. Qd7 Bh5 53. Qe6 Qe1+ 54. Kh2 Qg3+ 55. Kh1 Qf2 56. Qd6 Bf3 57.
gxf3 Qxf3+ 58. Kg1 Qg3+ 59. Kf1 Qxh3+ 60. Kg1 Qg3+ 61. Kh1 Qf3+ 62. Kg1 Qe3+ 63. Kh1 Qe1+ 64. Kg2 Qd2+ 65. Kf3 h3 0-1

[Event "Sverigemastarklassen 2025"]
[Site "Uppsala, Sweden"]
[Date "2025.07.01"]
[Round "4.3"]
[White "Blomqvist, Erik"]
[Black "Pantzar, Milton"]
[Result "1/2-1/2"]
[TimeControl "90 min for 40 move + 30 min with an increment of 30 sec starting move 1"]
[WhiteTitle "GM"]
[BlackTitle "IM"]
[WhiteFideId "1709437"]
[BlackFideId "1721003"]
[WhiteElo "2448"]
[BlackElo "2450"]

1. e4 e5 2. Nf3 Nc6 3. g3 Nf6 4. d3 Bc5 5. Bg2 O-O 6. O-O d6 7. Nc3 a5 8. h3 a4 9. Kh2 a3 10.
b3 Nd4 11. Rb1 c6 12. Nxd4 exd4 13. Ne2 d5 14. e5 Ne8 15. b4 Bb6 16. Rb3 Qe7 17. Rxa3 Rxa3 18. Bxa3 Qxe5 19. Bc1 Nc7 20.
a4 Re8 21. Ng1 Ne6 22. Bd2 Qf6 23. Re1 Bd7 24. f4 g6 25. Nf3 Ng7 26. Ne5 Qd8 27. h4 Bc8 28. a5 Bc7 29. a6 f6 30.
Nf3 Bb6 31. axb7 Bxb7 32. Qa1 Rxe1 33. Qxe1 Bc8 34. Bc1 Bg4 35. Bb2 Bxf3 36. Bxf3 Qd6 37. Qa1 Nf5 38. b5 Kg7 39. Qa6 cxb5 40.
Qxb5 Ne3 41. Qa6 Qc7 42. Qa4 Qxc2+ 43. Qxc2 Nxc2 44. Bxd5 Bc5 45. Bb3 Ba3 46. Bxc2 1/2-1/2

[Event "Sverigemastarklassen 2025"]
[Site "Uppsala, Sweden"]
[Date "2025.07.01"]
[Round "4.4"]
[White "Hillarp-Persson, Tiger"]
[Black "Falkevall, Axel"]
[Result "1-0"]
[TimeControl "90 min for 40 move + 30 min with an increment of 30 sec starting move 1"]
[WhiteTitle "GM"]
[BlackTitle "FM"]
[WhiteFideId "1700812"]
[BlackFideId "1735560"]
[WhiteElo "2445"]
[BlackElo "2372"]

1. d4 Nf6 2. c4 e6 3. Nc3 Bb4 4. e3 O-O 5. Bd3 d5 6. a3 Bxc3+ 7. bxc3 dxc4 8. Bxc4 c5 9. Ne2 Qc7 10.
Bd3 e5 11. e4 cxd4 12. cxd4 exd4 13. O-O Nc6 14. f4 Nd7 15. Qc2 b6 16. e5 h6 17. Nxd4 Nc5 18. Nb5 Qe7 19. Nd6 f6 20.
Be3 fxe5 21. Bxc5 bxc5 22. Qxc5 Bd7 23. Qd5+ Qe6 24. Qe4 1-0

[Event "Sverigemastarklassen 2025"]
[Site "Uppsala, Sweden"]
[Date "2025.07.01"]
[Round "4.5"]
[White "Seo, Jung Min"]
[Black "Storme, Isak"]
[Result "1-0"]
[TimeControl "90 min for 40 move + 30 min with an increment of 30 sec starting move 1"]
[WhiteTitle "IM"]
[BlackTitle "IM"]
[WhiteFideId "1734687"]
[BlackFideId "1728113"]
[WhiteElo "2472"]
[BlackElo "2466"]

1. e4 c5 2. Nf3 Nc6 3. d4 cxd4 4. Nxd4 e5 5. Nb5 d6 6. N1a3 a6 7. Nc3 Be7 8. Nc4 b5 9. Ne3 Nf6 10.
Bd3 O-O 11. O-O Nb4 12. Be2 Be6 13. a3 Nc6 14. Ned5 Rb8 15. Be3 b4 16. Nxe7+ Nxe7 17. axb4 Rxb4 18. Rxa6 Rxb2 19. Rxd6 Qc7 20.
Na4 Rb4 21. Nc5 Bc4 22. Bxc4 Rxc4 23. Rxf6 gxf6 24. Nd7 Rc8 25. Nxf6+ Kg7 26. Qg4+ Ng6 27. Nd5 Qd8 28. Nb6 Rxc2 29.
Nxc8 Qxc8 30. Qg5 Qe6 31. h4 f6 32. Qh6+ Kg8 33. Ra1 Ne7 34. Ra8+ Nc8 35. Bg5 Rc6 36. Bxf6 Qg4 37. Qg5+ Qxg5 38.
hxg5 Kf7 39. Bxe5 Kg6 40. Bf4 1-0

[Event "Sverigemastarklassen 2025"]
[Site "Uppsala, Sweden"]
[Date "2025.06.30"]
[Round "3.5"]
[White "Hillarp-Persson, Tiger"]
[Black "Seo, Jung Min"]
[Result "0-1"]
[TimeControl "90 min for 40 move + 30 min with an increment of 30 sec starting move 1"]
[WhiteTitle "GM"]
[BlackTitle "IM"]
[WhiteFideId "1700812"]
[BlackFideId "1734687"]
[WhiteElo "2445"]
[BlackElo "2472"]

1. c4 e5 2. Nc3 Nf6 3. e3 Nc6 4. a3 d5 5. cxd5 Nxd5 6. Qc2 Nxc3 7. bxc3 Bd6 8. d4 Qe7 9. Bb2 O-O 10. Nf3 Bg4 11.
h3 Bd7 12. h4 h6 13. Bd3 Rae8 14. Bf5 Bxf5 15. Qxf5 Na5 16. h5 Nc4 17. Bc1 c5 18.
Kf1 cxd4 19. cxd4 exd4 20. Qd5 Rc8 21.
exd4 Rfd8 22. Qf5 Bxa3 23. Bf4 a6 24. Rh4 Qd7 25. Qxd7 Rxd7 26. Rg4 Kh7 27. Nh4 Rd5 28. Be5 Bf8 29.
Re1 Re8 30. Nf3 f6 31. Bg3 Rxe1+ 32. Kxe1 Rxh5 33. Re4 Rd5 34. Re8 Kg8 35. Ke2 Kf7 36. Rc8 Nb6 37. Rb8 Rd7 38. Nd2 Nd5 39.
Nc4 Be7 40. Ne3 Nb4 41. d5 b5 42. Ra8 Bc5 43. d6 g6 44. Rh8 h5 45. Rh7+ Ke6 46. Rh6 Rg7 47. f4 f5 48. Be1 Bxe3 0-1

[Event "Sverigemastarklassen 2025"]
[Site "Uppsala, Sweden"]
[Date "2025.06.30"]
[Round "3.1"]
[White "Sorensen, Hampus"]
[Black "Galperin, Platon"]
[Result "1/2-1/2"]
[TimeControl "90 min for 40 move + 30 min with an increment of 30 sec starting move 1"]
[WhiteTitle "IM"]
[BlackTitle "GM"]
[WhiteFideId "8703884"]
[BlackFideId "14165414"]
[WhiteElo "2432"]
[BlackElo "2500"]

1. d4 Nf6 2. c4 e6 3. Nc3 Bb4 4. Qc2 O-O 5. Nf3 d6 6. a3 Bxc3+ 7. Qxc3 Re8 8. g3 e5 9. Bg2 e4 10.
Nd2 c6 11. Nf1 d5 12. c5 Nbd7 13. Ne3 Nf8 14. O-O Be6 15. f4 exf3 16. exf3 Qd7 17. Bd2 Ng6 18. Rfe1 h5 19. Bf1 h4 20.
Ng2 Bh3 21. Bd3 hxg3 22. hxg3 Nh5 23. g4 Qc7 24. Rxe8+ Rxe8 25. Re1 Rxe1+ 26. Bxe1 Bxg2 27. Bxg6 Nf4 28. Qe3 fxg6 29. Bg3 Ne2+ 30.
Qxe2 Qxg3 31. Qxg2 Qe1+ 32. Qf1 Qe3+ 33. Qf2 Qd3 34. Kg2 b6 35. cxb6 axb6 36. Qh4 Qd2+ 37. Qf2 Qd3 38. Qh4 g5 39.
Qe1 Qxd4 40. Qe8+ Kh7 1/2-1/2

[Event "Sverigemastarklassen 2025"]
[Site "Uppsala, Sweden"]
[Date "2025.06.30"]
[Round "3.2"]
[White "Lokander, Martin"]
[Black "Blomqvist, Erik"]
[Result "0-1"]
[TimeControl "90 min for 40 move + 30 min with an increment of 30 sec starting move 1"]
[WhiteTitle "IM"]
[BlackTitle "GM"]
[WhiteFideId "1709569"]
[BlackFideId "1709437"]
[WhiteElo "2446"]
[BlackElo "2448"]

1. d4 d5 2. c4 c6 3. Nf3 Nf6 4. Nc3 dxc4 5. a4 Bf5 6. e3 e6 7. Bxc4 Bb4 8. O-O O-O 9. Nh4 Nbd7 10.
Nxf5 exf5 11. Qc2 g6 12. f3 Rc8 13. Kh1 c5 14. Nb5 Qb6 15. d5 a6 16. Nc3 Rfe8 17. e4 Bxc3 18. Qxc3 fxe4 19.
fxe4 Nxe4 20. Qf3 Nd6 21. b3 Re4 22. Bf4 Ne5 23. Qg3 Re8 24. a5 Qd8 25. h3 Nf5 26. Qc3 Qh4 27. Bh2 Re3 28.
Qb2 Nxc4 29. bxc4 Re2 30. Qxb7 Rxg2 31. Rf3 Re1+ 32. Kxg2 Qg5+ 33. Bg3 Nh4+ 0-1

[Event "Sverigemastarklassen 2025"]
[Site "Uppsala, Sweden"]
[Date "2025.06.30"]
[Round "3.3"]
[White "Falkevall, Axel"]
[Black "Hector, Jonny"]
[Result "1/2-1/2"]
[TimeControl "90 min for 40 move + 30 min with an increment of 30 sec starting move 1"]
[WhiteTitle "FM"]
[BlackTitle "GM"]
[WhiteFideId "1735560"]
[BlackFideId "1700090"]
[WhiteElo "2372"]
[BlackElo "2430"]

1. e4 e5 2. Nf3 Nc6 3. Bb5 a6 4. Ba4 Bc5 5. c3 Nge7 6. d4 exd4 7. cxd4 Bb4+ 8. Nc3 d5 9. O-O dxe4 10.
Nxe4 O-O 11. a3 Ba5 12. h3 Bb6 13. Be3 f5 14. Bb3+ Kh8 15. Neg5 Nd5 16. Ne5 Nxe5 17. dxe5 Bxe3 18.
fxe3 Qxg5 19. Qxd5 Re8 20. Qf7 Bd7 21. Qxd7 Qxe3+ 22. Kh1 Qxb3 23. Rxf5 h6 24. Raf1 Qxb2 25. e6 Qe2 26. R1f2 Qe1+ 27.
Rf1 Qe2 28. R1f2 Qe1+ 29. Rf1 Qe2 30. R1f2 1/2-1/2

[Event "Sverigemastarklassen 2025"]
[Site "Uppsala, Sweden"]
[Date "2025.06.30"]
[Round "3.4"]
[White "Pantzar, Milton"]
[Black "Storme, Isak"]
[Result "1/2-1/2"]
[TimeControl "90 min for 40 move + 30 min with an increment of 30 sec starting move 1"]
[WhiteTitle "IM"]
[BlackTitle "IM"]
[WhiteFideId "1721003"]
[BlackFideId "1728113"]
[WhiteElo "2450"]
[BlackElo "2466"]

1. Nf3 d5 2. g3 Nf6 3. Bg2 c5 4. O-O g6 5. d4 cxd4 6. Nxd4 Bg7 7. c4 O-O 8. cxd5 Nxd5 9. Nc3 Nxc3 10.
bxc3 Nd7 11. Rb1 Nb6 12. Qb3 e5 13. Nb5 Be6 14. Qc2 Nc4 15. Na3 Nd6 16. Nb5 Nc4 17. Na3 Nd6 18. Nb5 1/2-1/2

[Event "Sverigemastarklassen 2025"]
[Site "Uppsala, Sweden"]
[Date "2025.06.29"]
[Round "2.1"]
[White "Blomqvist, Erik"]
[Black "Sorensen, Hampus"]
[Result "1/2-1/2"]
[TimeControl "90 min for 40 move + 30 min with an increment of 30 sec starting move 1"]
[WhiteTitle "GM"]
[BlackTitle "IM"]
[WhiteFideId "1709437"]
[BlackFideId "8703884"]
[WhiteElo "2448"]
[BlackElo "2432"]

1. e4 c5 2. Nc3 d6 3. Bb5+ Bd7 4. Bxd7+ Qxd7 5. d4 cxd4 6. Qxd4 Nc6 7. Qd3 g6 8. Nf3 Bg7 9. O-O Nf6 10.
Nd5 O-O 11. Bg5 Nxd5 12. exd5 Ne5 13. Nxe5 Bxe5 14. c3 Rac8 15. a4 a6 16. Rfe1 Bf6 17. Bh6 Rfe8 18. Re4 e5 19. dxe6 Rxe6 20.
Be3 Rxe4 21. Qxe4 Qc6 22. Qb4 Re8 23. a5 Re4 24. Qb6 Qd5 25. h3 Re8 26. Qc7 Qc6 27. Qxc6 bxc6 28. Rd1 d5 29.
Kf1 Rb8 30. Bb6 Bd8 31. Bxd8 Rxd8 32. Ke2 Kf8 33. Kd3 Ke7 34. b4 Kd6 35. Re1 Rc8 36. g4 Rf8 37. Kd4 Rc8 38. Kd3 Rf8 39.
Kd4 Rc8 40. Kd3 1/2-1/2

[Event "Sverigemastarklassen 2025"]
[Site "Uppsala, Sweden"]
[Date "2025.06.29"]
[Round "2.2"]
[White "Galperin, Platon"]
[Black "Falkevall, Axel"]
[Result "1/2-1/2"]
[TimeControl "90 min for 40 move + 30 min with an increment of 30 sec starting move 1"]
[WhiteTitle "GM"]
[BlackTitle "FM"]
[WhiteFideId "14165414"]
[BlackFideId "1735560"]
[WhiteElo "2500"]
[BlackElo "2372"]

1. c4 c5 2. Nc3 Nf6 3. g3 d5 4. cxd5 Nxd5 5. Bg2 Nc7 6. b3 e5 7. Bb2 Be7 8. Rc1 f6 9. Nh3 Nc6 10.
f4 O-O 11. O-O Rb8 12. fxe5 Nxe5 13. Nf4 b6 14. Qc2 Kh8 15. Be4 f5 16. Ncd5 Bd6 17. Bg2 Nxd5 18. Nxd5 Qg5 19. e4 Ba6 20.
Bxe5 Bxe5 21. Rxf5 Rxf5 22. exf5 Re8 23. Kh1 Bb8 24. Ne3 Rd8 25. Qe4 h5 26. Bf1 Bxf1 27. Rxf1 Rxd2 28. Rf3 Bd6 29.
f6 gxf6 30. Qe8+ Kh7 31. Qf7+ Kh8 32. Qe8+ Kh7 33. Nc4 Rxa2 34. Qf7+ Kh8 35. Re3 Ra1+ 36. Kg2 Ra2+ 37. Kh1 Ra1+ 38.
Kg2 Ra2+ 39. Kh1 Ra1+ 1/2-1/2

[Event "Sverigemastarklassen 2025"]
[Site "Uppsala, Sweden"]
[Date "2025.06.29"]
[Round "2.3"]
[White "Storme, Isak"]
[Black "Lokander, Martin"]
[Result "1/2-1/2"]
[TimeControl "90 min for 40 move + 30 min with an increment of 30 sec starting move 1"]
[WhiteTitle "IM"]
[BlackTitle "IM"]
[WhiteFideId "1728113"]
[BlackFideId "1709569"]
[WhiteElo "2466"]
[BlackElo "2446"]

1. c4 e6 2. Nc3 d5 3. d4 c5 4.
e3 dxc4 5. Bxc4 Nf6 6. Nf3 a6 7. a4 Nc6 8. O-O Be7 9. Qe2 cxd4 10. Rd1 e5 11. exd4 exd4 12. Nxd4 Nxd4 13. Qe5 Qd6 14.
Qxd4 Qxd4 15. Rxd4 Be6 16. Bxe6 fxe6 17. Be3 Kf7 18. Rad1 Rhd8 19. Kf1 Rxd4 20. Rxd4 Rd8 21. Ke2 Rxd4 22.
Bxd4 Bb4 23. Kd3 Bxc3 24. bxc3 Nd7 25. Ke4 g6 26. g4 Ke7 27. Kf4 Kf7 28. Ke4 Ke7 29. Kf4 Kf7 30. Ke4 1/2-1/2

[Event "Sverigemastarklassen 2025"]
[Site "Uppsala, Sweden"]
[Date "2025.06.29"]
[Round "2.4"]
[White "Hector, Jonny"]
[Black "Hillarp-Persson, Tiger"]
[Result "1-0"]
[TimeControl "90 min for 40 move + 30 min with an increment of 30 sec starting move 1"]
[WhiteTitle "GM"]
[BlackTitle "GM"]
[WhiteFideId "1700090"]
[BlackFideId "1700812"]
[WhiteElo "2430"]
[BlackElo "2445"]

1. e4 c5 2. Nf3 d6 3. d4 cxd4 4. Nxd4 Nf6 5. Nc3 a6 6. Bg5 Nbd7 7. Qe2 h6 8. Bh4 g6 9. f4 e5 10.
fxe5 dxe5 11. O-O-O Qc7 12. Nb3 b5 13. Rxd7 Nxd7 14. Nd5 Qb8 15. Qd2 Bb7 16. Na5 h5 17. Nxb7 Qxb7 18. Be2 Rc8 19.
Kb1 Qc6 20. Rf1 Qd6 21. Qa5 Bg7 22. a4 Qc5 23. Bd3 O-O 24. Ne7+ Kh8 25. Nxc8 Qxc8 26. axb5 axb5 27. Qxb5 f6 28.
Bc4 Nc5 29. Bd5 Qg4 30. Bxf6 Rxf6 31. Rxf6 Bxf6 32. Qxc5 Kg7 33. g3 Qe2 34. b4 Qxh2 35. b5 Qxg3 36. b6 Qe1+ 37. Ka2 Qe2 38.
b7 1-0

[Event "Sverigemastarklassen 2025"]
[Site "Uppsala, Sweden"]
[Date "2025.06.29"]
[Round "2.5"]
[White "Seo, Jung Min"]
[Black "Pantzar, Milton"]
[Result "1/2-1/2"]
[TimeControl "90 min for 40 move + 30 min with an increment of 30 sec starting move 1"]
[WhiteTitle "IM"]
[BlackTitle "IM"]
[WhiteFideId "1734687"]
[BlackFideId "1721003"]
[WhiteElo "2472"]
[BlackElo "2450"]

1. e4 e5 2. Nf3 Nc6 3. Bb5 Nf6 4.
d3 d6 5.
d4 exd4 6. Nxd4 Bd7 7. Nc3 Nxd4 8. Bxd7+ Qxd7 9. Qxd4 Be7 10. O-O O-O 11. Bf4 Rfe8 12. Rfe1 a6 13. Rad1 Rad8 14. Nd5 Nxd5 15.
Qxd5 Qc8 16. c4 Bf6 17. b3 Re6 18. f3 Rde8 19. Qd2 g6 20. Qc2 Be5 21. Bxe5 Rxe5 22. Rd5 f5 23. Rxe5 Rxe5 24.
f4 Re7 25. c5 Qe6 26. cxd6 cxd6 27. e5 dxe5 28. Rxe5 Qb6+ 29. Qc5 Qxc5+ 30. Rxc5 Re2 31. Kf1 Rxa2 32. Rc8+ Kf7 33. Rc7+ Ke6 34.
Rxb7 h5 35. Rb6+ Kf7 36. h4 a5 37. Kg1 a4 38. bxa4 Rxa4 39. g3 Ra2 40. Rc6 Ra1+ 1/2-1/2

[ePGN "0.1;DGT LiveChess/2.2.7"]

[Event "Sverigemastarklassen 2025"]
[Site "Uppsala, Sweden"]
[Date "2025.06.28"]
[Round "1.1"]
[White "Falkevall, Axel"]
[Black "Blomqvist, Erik"]
[Result "1/2-1/2"]
[TimeControl "90 min for 40 move + 30 min with an increment of 30 sec starting move 1"]
[WhiteTitle "FM"]
[BlackTitle "GM"]
[WhiteFideId "1735560"]
[BlackFideId "1709437"]
[WhiteElo "2372"]
[BlackElo "2448"]

1. e4 e5 2. Nf3 Nc6 3. Bc4 Nf6 4. d4 exd4 5. e5 d5 6. Bb5 Nd7 7. O-O Be7 8. c3 dxc3 9. Nxc3 O-O 10.
Qxd5 Nc5 11. Qc4 Be6 12. Qf4 Nd3 13. Qg3 Nxc1 14. Raxc1 Nd4 15. Rfd1 Nxf3+ 16. Qxf3 Qc8 17. Nd5 Bg5 18.
Qg3 Bxd5 19. Qxg5 Rd8 20. Rd3 h6 21. Qd2 c6 22. Bc4 Bxc4 23. Rxc4 Rxd3 24. Qxd3 Qc7 25. Qe2 Rd8 26. h3 Qd7 27.
Re4 Kf8 28. Qe3 Qd1+ 29. Kh2 Qd3 30. Qc5+ Kg8 31. Rf4 Qd2 32. g3 Rd7 33. Qxa7 Qxb2 34. Qb8+ Kh7 35. Qe8 Rd2 36. Qxf7 Qxe5 37.
Qxb7 Qb2 38. Qxb2 Rxb2 39. a4 c5 40. Kg2 Rb4 41. Rxb4 cxb4 42. a5 b3 43. a6 b2 44. a7 b1=Q 45.
a8=Q h5 46. Qd5 g6 47. Qf7+ Kh8 48. h4 Qe4+ 49. Qf3 Qe7 50. Qc6 Kh7 51. Qd5 Kg7 52. Kf3 Qf6+ 53. Ke3 Qc3+ 54. Qd3 Qe1+ 55.
Qe2 Qc3+ 56. Qd3 Qe1+ 57. Qe2 1/2-1/2

[Event "Sverigemastarklassen 2025"]
[Site "Uppsala, Sweden"]
[Date "2025.06.28"]
[Round "1.2"]
[White "Sorensen, Hampus"]
[Black "Storme, Isak"]
[Result "1-0"]
[TimeControl "90 min for 40 move + 30 min with an increment of 30 sec starting move 1"]
[WhiteTitle "IM"]
[BlackTitle "IM"]
[WhiteFideId "8703884"]
[BlackFideId "1728113"]
[WhiteElo "2432"]
[BlackElo "2466"]

1. d4 d5 2. c4 e6 3. Nc3 Nf6 4. Bg5 Be7 5. e3 h6 6. Bh4 O-O 7. Qc2 b6 8. Nf3 Bb7 9. Bxf6 Bxf6 10.
cxd5 exd5 11. Rd1 Nd7 12. g3 c6 13. Bg2 b5 14. O-O Rc8 15. e4 b4 16. e5 Be7 17. Ne2 c5 18. Nf4 cxd4 19.
Qf5 Nc5 20. Nxd4 Bg5 21. Nde2 Ba6 22. Rfe1 Bxf4 23. Nxf4 d4 24. Nd5 d3 25. Nxb4 d2 26. Re3 Bb7 27. Bxb7 Nxb7 28. Rc3 Rxc3 29.
bxc3 a5 30. Nc6 Qc7 31. Qf3 Nd8 32. Nd4 Qxe5 33. Qe2 Qc5 34. Qxd2 Nb7 35. Nb3 Qc7 36. Qd7 Qb6 37. Qd4 Qc6 38.
Qd5 Qc7 39. Rd4 Rc8 40. Qb5 Nd6 41. Qd3 Ne8 42. c4 a4 43. Nd2 Nf6 44. Ne4 Nxe4 45. Qxe4 g6 46. Qd5 Qe7 47. Re4 Qc7 48.
Qb5 a3 49. Re8+ Rxe8 50. Qxe8+ Kg7 51. Qe3 Qxc4 52. Qxa3 h5 53. h4 Qe4 54. Qc1 Kg8 55. Qd1 Qc4 56. a4 Qc3 57. Qd8+ Kh7 58.
a5 Qe1+ 59. Kg2 Qe4+ 60. Kh2 Qf3 61. Qd4 Qe2 62. Qb6 Qf3 63. a6 g5 64. Qe3 Qc6 65. Qd3+ Kg7 66. hxg5 Qc5 67. Qe3 Qc6 68.
a7 h4 69. Qd4+ Kh7 70. Qxh4+ Kg7 71. Qh6+ 1-0

[Event "Sverigemastarklassen 2025"]
[Site "Uppsala, Sweden"]
[Date "2025.06.28"]
[Round "1.3"]
[White "Hillarp-Persson, Tiger"]
[Black "Galperin, Platon"]
[Result "1-0"]
[TimeControl "90 min for 40 move + 30 min with an increment of 30 sec starting move 1"]
[WhiteTitle "GM"]
[BlackTitle "GM"]
[WhiteFideId "1700812"]
[BlackFideId "14165414"]
[WhiteElo "2445"]
[BlackElo "2500"]

1. d4 d5 2. c4 dxc4 3. Nf3 Nf6 4. e3 Be6 5. Nc3 c5 6. Ng5 Bg4 7. f3 Bc8 8. Bxc4 e6 9. d5 Nxd5 10.
Nxd5 Nc6 11. O-O exd5 12. Qxd5 Qxd5 13. Bxd5 Nd8 14. b3 Be7 15. Ne4 Be6 16. Rd1 f5 17. Nf2 Bf6 18. Rb1 Rc8 19.
Bb2 Ke7 20. e4 Bxb2 21. Rxb2 f4 22. h4 Rf8 23. Nd3 b6 24. Ne5 Rc7 25. Kf2 g6 26. Rbd2 Bc8 27. g3 fxg3+ 28. Kxg3 Ne6 29.
Bxe6 Bxe6 30. Rd6 Re8 31. f4 Kf8 32. h5 gxh5 33. Kh4 b5 34. Kg5 Rg7+ 35. Kf6 Bc8 36. Rd8 Rge7 37. Rxe8+ Kxe8 38.
f5 Bb7 39. Rg1 Kf8 40. Rd1 Ke8 41. Rg1 Kf8 42. Rc1 Rc7 43. Rxc5 1-0